 Dungeon Crawl Stone Soup version 0.29-a0-613-gf2c431b9b9 (webtiles) character file.

Game seed: 7670410486335149319

630 wingedge the Shooter (level 7, -4/42 HPs)
             Began as a Deep Elf Hunter on June 16, 2022.
             Slain by a lemure (6 damage)
             ... led by Pikel
             ... on level 5 of the Dungeon.
             The game lasted 00:12:16 (2605 turns).

wingedge the Shooter (Deep Elf Hunter)              Turns: 2605, Time: 00:12:18

Health: -4/42      AC: 11    Str:  8    XL:     7   Next: 24%
Magic:  9/9        EV: 10    Int: 14    God:
Gold:   212        SH:  0    Dex: 20    Spells: 6/6 levels left

rFire   . . .      SeeInvis .   b - +0 triple sword
rCold   . . .      Faith    .   (shield currently unavailable)
rNeg    . . .      Spirit   .   A - +0 ring mail
rPois   .          Reflect  .   (no helmet)
rElec   .          Harm     .   t - +0 cloak
rCorr   +          Rampage  .   (no gloves)
Will    .....                   q - +0 pair of boots
Stlth   ++........              p - amulet of regeneration
HPRegen 0.94/turn               h - +4 ring of protection
MPRegen 0.11/turn               j - ring of resist corrosion

@: no status effects
A: no striking features
a: no special abilities


You were on level 5 of the Dungeon.
You visited 1 branch of the dungeon, and saw 5 of its levels.
You also visited: Sewer.

You collected 212 gold pieces.

Inventory:

Hand Weapons
 a - a +1 shortbow
 b - a +0 triple sword (weapon)
Missiles
 l - 8 poisoned darts
Armour
 k - a +0 leather armour
 q - a +0 pair of boots (worn)
 t - a +0 cloak (worn)
 A - a +0 ring mail (worn)
Jewellery
 h - a +4 ring of protection (left hand)
 j - a ring of resist corrosion (right hand)
 p - an amulet of regeneration (around neck)
 w - a +4 ring of evasion
Wands
 u - a wand of iceblast (5)
 y - a wand of polymorph (7)
Scrolls
 c - a scroll of immolation
 d - a scroll of torment
 f - a scroll of magic mapping {unknown}
 i - a scroll of poison {unknown}
 n - a scroll of teleportation {unknown}
 s - a scroll of enchant armour {unknown}
 x - a scroll of summoning {unknown}
Potions
 e - a potion of mutation {unknown}
 g - 5 potions of flight
 m - 2 potions of heal wounds
 o - 4 potions of might
 r - 2 potions of haste
 v - a potion of resistance {unknown}
 z - 2 potions of degeneration {unknown}


   Skills:
 + Level 3.7 Fighting
 * Level 4.0 Long Blades
 + Level 7.6 Bows
 + Level 0.0 Armour
 + Level 2.4 Dodging
 - Level 3.0 Stealth


You had 6 spell levels left.
You didn't know any spells.
Your spell library was empty.

Dungeon Overview and Level Annotations

Branches:
Dungeon (5/15)              Sewer (visited)
 Temple: D:4-7

Altars:
Ashenzari
Ru
Xom

Annotations:
D:3 1 runed translucent door, om's ghost, amateur MiBe
D:5 Pikel


Message History

Pikel freezes you. The lemure hits you but does no damage.
You hit Pikel.
Pikel is lightly wounded.
The lemure barely misses you. The lemure closely misses you. x2
Pikel hits you with a +1 whip of freezing.
Pikel freezes you. The lemure hits you but does no damage.
You closely miss Pikel.
Pikel is lightly wounded.
Pikel barely misses you. The lemure completely misses you.
The lemure closely misses you. The lemure barely misses you.
The lemure hits you but does no damage. x2; Pikel hits you but does no damage.
The lemure misses you. The lemure barely misses you.
The lemure hits you but does no damage.
A hobgoblin zombie comes into view.
You slash Pikel!
Pikel is moderately wounded.
Pikel hits you with a +1 whip of freezing.
Pikel freezes you.
The lemure hits you but does no damage. x2
The lemure hits you. x2
You slash Pikel!
Pikel is severely wounded.
Pikel hits you but does no damage. The lemure completely misses you.
The lemure hits you!
* * * LOW HITPOINT WARNING * * *
The lemure hits you.
* * * LOW HITPOINT WARNING * * *
The lemure hits you.
* * * LOW HITPOINT WARNING * * *
The lemure hits you.
* * * LOW HITPOINT WARNING * * *
Pikel closely misses you.
The lemure hits you but does no damage. x2
The lemure hits you.
* * * LOW HITPOINT WARNING * * *
You barely miss Pikel.
Pikel is severely wounded.
Pikel hits you but does no damage. The lemure hits you but does no damage.
The lemure closely misses you. The lemure hits you.
* * * LOW HITPOINT WARNING * * *
The lemure closely misses you. The lemure hits you.
You die...

##..........
.#..........#
............#
.#.......Z..#
............#
#..........#
#....5K....#
#....5@5...#
#....5<....#
#$...........?
...####..$#####
.# ...## .###
#. #? #.


You could see Pikel, 4 lemures and a hobgoblin zombie.

Vanquished Creatures
  Grinder (D:4)
  Pargi (Sewer)
  A black bear (D:3)
  A hound (D:4)
  Ijyb (D:3)
  2 orc wizards
  A gnoll (D:2)
  2 adders
  A white imp (D:3)
  6 worms
  3 orcs (D:3)
  7 ball pythons
  10 bats
  8 endoplasms
  5 giant cockroaches
  5 goblins
  10 hobgoblins
  6 jackals
  5 kobolds
  4 quokkas
  2 frilled lizards
  8 rats
  A butterfly (D:3)
91 creatures vanquished.

Vanquished Creatures (others)
  A plant (D:4)
1 creature vanquished.

Grand Total: 92 creatures vanquished

Notes
Turn   | Place    | Note
-------+----------+-------------------------------------------
     0 | D:1      | wingedge the Deep Elf Hunter began the quest for the Orb.
     0 | D:1      | Reached XP level 1. HP: 12/12 MP: 3/3
   173 | D:1      | Reached XP level 2. HP: 17/17 MP: 4/4
   376 | D:1      | Reached skill level 6 in Bows
   612 | D:1      | Reached XP level 3. HP: 21/21 MP: 5/5
   803 | D:2      | Found a broken altar of Ashenzari.
   916 | D:2      | Reached XP level 4. HP: 27/27 MP: 6/6
  1104 | D:3      | Found a glowing drain.
  1151 | Sewer    | Entered a sewer
  1173 | Sewer    | Noticed Pargi
  1180 | Sewer    | Killed Pargi
  1181 | Sewer    | Reached skill level 1 in Long Blades
  1181 | Sewer    | Reached XP level 5. HP: 29/32 MP: 7/7
  1566 | D:3      | Found a runed translucent door.
  1571 | D:3      | Noticed om's ghost (amateur MiBe)
  1646 | D:3      | Found a shimmering altar of Xom.
  1681 | D:4      | Noticed Ijyb
  1681 | D:4      | Noticed a black bear
  1698 | D:3      | Killed Ijyb
  1864 | D:3      | Killed a black bear
  1865 | D:3      | Reached skill level 7 in Bows
  1865 | D:3      | Reached XP level 6. HP: 37/37 MP: 8/8
  1995 | D:4      | Found a sacrificial altar of Ru.
  1997 | D:4      | Noticed Grinder
  2016 | D:4      | Killed Grinder
  2017 | D:4      | Reached XP level 7. HP: 25/42 MP: 9/9
  2597 | D:5      | Entered Level 5 of the Dungeon
  2597 | D:5      | Noticed Pikel
  2605 | D:5      | HP: 2/42 [lemure[Pikel] (3)]
  2605 | D:5      | Slain by a lemure

Illustrated notes

Levels and vault maps discovered:
D:1:      minmay_arrival_five_plusses, layout_basic, nicolae_wormholes
D:2:      layout_rooms, basic_altar, kennysheep_generic_room_2
D:3:      layout_rooms, xom_butterflies, ebering_ghost_sewer_d,
          portal_sewer_entry_a, minmay_statues_item,
          amcnicky_mini_rare_corridor_liquid, kennysheep_small_spiral
D:4:      layout_rooms, nicolae_overflow_hidden_temple,
          mainiacjoe_overflow_surrounded_room, serial_forest,
          infiniplex_forest_lined_3_way, infiniplex_forest_straight_3,
          infiniplex_forest_clump_long, infiniplex_forest_clump_double,
          infiniplex_forest_corner_1, infiniplex_forest_3_way,
          infiniplex_forest_lined_3_way, infiniplex_forest_straight_5,
          infiniplex_forest_lined_3, infiniplex_forest_clump_small, uniq_ijyb,
          uniq_grinder
D:5:      layout_rooms, kennysheep_mini_moat, enter_ossuary_3, uniq_pikel

Skill      XL: |  1  2  3  4  5  6  7 |
---------------+----------------------+-----
Fighting       | 2 3 |  3.7
Bows           | 6 7 |  7.6
Stealth        | 2 3 |  3.0
Long Blades    | 1 2 3 4 |  4.0
Dodging        | |  2.4

Action                   |  1- 3 |  4- 6 |  7- 9 || total
-------------------------+-------+-------+-------++-------
Melee: Triple sword      |     4 |    50 |    19 ||    73
 Fire: Shortbow          |    71 |    77 |     5 ||   153
Evoke: Wand              |       |     1 |       ||     1
  Use: Scroll            |       |     6 |       ||     6
 Stab: Distracted        |       |       |     1 ||     1
       Sleeping          |       |       |     1 ||     1
Armor: Leather armour    |     4 |    42 |     3 ||    49
       Ring mail         |       |       |    14 ||    14
Dodge: Dodged            |     7 |    52 |    24 ||    83

Table legend: (Time is in decaauts)
 A = Elapsed time spent in this place.
 B = Non-inter-level travel time spent in this place.
 C = Inter-level travel time spent in this place.
 D = Time resting spent in this place.
 E = Time spent auto-exploring this place.
 F = Levels seen in this place.
 G = Mean time per level.
                   A        B        C        D        E       F      G
               +--------+--------+--------+--------+--------+-----+--------+
         Total |   2685 |   2592 |     93 |    218 |   1499 |   6 |  447.5 |
       Dungeon |   2605 |   2512 |     93 |    218 |   1474 |   5 |  521.0 |
         Sewer |     80 |     80 |      0 |      0 |     25 |   1 |   80.0 |
               +--------+--------+--------+--------+--------+-----+--------+

Top non-repeatable levels by time:
     D:3: 749 daAuts
     D:4: 745 daAuts
     D:1: 726 daAuts
     D:2: 373 daAuts
   Sewer: 80 daAuts
     D:5: 10 daAuts
